 Dungeon Crawl Stone Soup version 0.31-a0-112-gdf0485fa37 (webtiles) character file.

Game seed: 13299627515237488573

44 pokeman the Magician (level 3, -5/20 HPs)
             Began as a Deep Elf Hedge Wizard on May 28, 2023.
             Killed from afar by Crazy Yiuf (11 damage)
             ... with a puff of flame
             ... on level 2 of the Dungeon.
             The game lasted 00:02:36 (2069 turns).

pokeman the Magician (Deep Elf Hedge Wizard)        Turns: 2069, Time: 00:02:36

Health: -5/20      AC:  2    Str:  7    XL:     3   Next: 39%
Magic:  7/11       EV: 12    Int: 20    God:
Gold:   75         SH:  0    Dex: 14    Spells: 4/12 levels left

rFire   . . .        a - +0 dagger
rCold   . . .        (no shield)
rNeg    . . .        b - +0 robe
rPois   .            c - +0 hat
rElec   .            (no cloak)
rCorr   .            (no gloves)
SInv    .            (no boots)
Will    .....        m - amulet of regeneration
Stlth   ++           (no ring)
HPRegen 1.03/turn    (no ring)
MPRegen 0.12/turn

%: no passive effects
@: very slightly contaminated
A: no striking features
a: no special abilities


You were on level 2 of the Dungeon.
You visited 1 branch of the dungeon, and saw 2 of its levels.

You collected 75 gold pieces.

Inventory:

Hand Weapons
 a - a +0 dagger (weapon)
Armour
 b - a +0 robe (worn)
 c - a +0 hat (worn)
Jewellery
 m - an amulet of regeneration (around neck)
Scrolls
 g - a scroll of enchant weapon {unknown}
 i - 2 scrolls of identify {unknown}
 k - a scroll of immolation {unknown}
Potions
 d - a potion of magic
 e - a potion of might {unknown}
 f - a potion of curing {unknown}
 h - a potion of berserk rage {unknown}
 j - a potion of ambrosia {unknown}
 l - 3 potions of invisibility {unknown}
 n - a potion of resistance {unknown}
 o - 2 potions of lignification {unknown}


   Skills:
 + Level 0.9 Fighting
 + Level 0.9 Armour
 - Level 2.4 Dodging
 - Level 2.4 Stealth
 * Level 5.2 Spellcasting
 + Level 1.8 Conjurations
 - Level 1.1 Summonings
 - Level 1.1 Translocations


You had 4 spell levels left.
You knew the following spells:

 Your Spells              Type           Power      Damage    Failure   Level
a - Magic Dart            Conj           48%        1d5       5%          1
b - Mephitic Cloud        Conj/Pois/Air  7%         N/A       26%         3
c - Call Imp              Summ           18%        N/A       11%         2
d - Blink                 Tloc           18%        N/A       11%         2

Your spell library contained the following spells:

 Spells                   Type           Power      Damage    Failure   Level
 Slow                     Hex            20%        N/A       12%         1
 Cigotuvi's Dreadful Rot  Necr/Pois/Air  10%        N/A       17%         2


Dungeon Overview and Level Annotations

Branches:
Dungeon (2/15)

Altars:
Xom

Annotations:
D:2 Crazy Yiuf


Message History

Found a short sword.
o - 2 fuming black potions You see here a +0 short sword.
As you open the door, it creaks loudly!
There is an open door here.
There is an open door here.
There is a stone staircase leading down here.
There is a stone staircase leading up here.
Found a hammer.
Found a hammer.
Found a hammer.
You see here a +0 hammer.
Found a hammer.
Found a runed translucent door.
Crazy Yiuf shouts!
Casting: Call Imp (safe; 11% risk of failure)
Confirm with . or Enter, or press ? or * to list all spells.
A tiny devil pulls itself out of the air.
You open the door.
Crazy Yiuf zaps a wand.
The puff of flame hits you!
Ouch! That really hurt!
You swap places.
Your cerulean imp barely misses Crazy Yiuf.
Your cerulean imp hits Crazy Yiuf with a -4 spear.
Crazy Yiuf hits your cerulean imp with a +3 quarterstaff of chaos!
Your cerulean imp dies!
Your cerulean imp disappears in a puff of smoke!
Crazy Yiuf laughs, "Island head pizzabubble!"
Casting: Call Imp (safe; 11% risk of failure)
Confirm with . or Enter, or press ? or * to list all spells.
The spell is extremely dangerous to miscast (26% risk of failure)!
Continue anyway?
Aiming: Mephitic Cloud (extremely dangerous; 26% risk of failure)
Press: ? - help, Shift-Dir - straight line, f - Crazy Yiuf
Aim: Crazy Yiuf, wielding a +3 quarterstaff of chaos, wearing a +0 cloak and carrying a wand of flame (17) (lightly wounded, chance to affect: 86%)
You miscast Mephitic Cloud.
You are very lightly contaminated with residual magic.
Sparks fly from your hands!
Ouch! That really hurt!
* * * LOW HITPOINT WARNING * * *
Crazy Yiuf zaps a wand.
The puff of flame hits you!
Ouch! That really hurt!
You die...

#.# #.###### #.#
#......# ####
######.# ##.# #.#
#..# #.## ...#
### ♣♣##..# ...#
#)..#♣♣ ♣♣)#...#
...#
#...'g♣♣♣♣.)....#
...#
#...#♣..♣..@..)##
...# ###
♣♣♣g♣..#.## #..#
♣♣♣♣♣### ##.#
#### ### #.# #.#
###.##########.#
.............#.#
##...#######.#.#


You could see Crazy Yiuf.

Vanquished Creatures
  An adder (D:2)
  A worm (D:2)
  3 bats
  2 endoplasms (D:1)
  3 goblins (D:1)
  3 hobgoblins (D:1)
  A jackal (D:1)
  2 kobolds
  2 quokkas
  3 ball pythons
  5 frilled lizards
  3 rats
29 creatures vanquished.

Vanquished Creatures (collateral kills)
  A worm (D:2)
1 creature vanquished.

Grand Total: 30 creatures vanquished

Notes
Turn   | Place    | Note
-------+----------+-------------------------------------------
     0 | D:1      | pokeman the Deep Elf Hedge Wizard began the quest for the
                  | Orb.
     0 | D:1      | Reached XP level 1. HP: 10/10 MP: 7/7
   234 | D:1      | Reached XP level 2. HP: 16/16 MP: 6/9
  1189 | D:2      | Found a shimmering altar of Xom.
  1200 | D:2      | Reached skill level 5 in Spellcasting
  1392 | D:2      | Reached XP level 3. HP: 17/20 MP: 4/11
  1396 | D:2      | Learned a level 3 spell: Mephitic Cloud
  1399 | D:2      | Learned a level 2 spell: Call Imp
  1402 | D:2      | Learned a level 2 spell: Blink
  1668 | D:2      | Identified the +10 chain mail of Indomitability {Rampage}
  2057 | D:2      | Found a runed translucent door.
  2058 | D:2      | Noticed Crazy Yiuf
  2069 | D:2      | Killed from afar by Crazy Yiuf

Illustrated notes

Levels and vault maps discovered:
D:1:      psy_arrival_heroes, layout_loops_ring, chequers_serial_rivers_small_3,
          st_stairs_8
D:2:      layout_loops_corners, basic_altar,
          wander_ebering_terrifying_dragon_lair, uniq_crazy_yiuf_cottage

Skill      XL: |  1  2 |
---------------+-------+-----
Spellcasting   | 5 |  5.2
Fighting       | |  0.9
Armour         | |  0.9
Dodging        | |  2.4
Stealth        | |  2.4
Conjurations   | |  1.8
Summonings     | |  1.1
Translocations | |  1.1

Action                     || total
---------------------------++-------
  Melee: Dagger            ||    15
         Punch             ||     1
   Cast: Magic Dart        ||    60
         Call Imp          ||     3
         Mephitic Cloud    ||     2
   Stab: Confused          ||     2
 Armour: Robe              ||     2
  Dodge: Dodged            ||    21

Table legend: (Time is in decaauts)
 A = Elapsed time spent in this place.
 B = Non-inter-level travel time spent in this place.
 C = Inter-level travel time spent in this place.
 D = Time resting spent in this place.
 E = Time spent auto-exploring this place.
 F = Levels seen in this place.
 G = Mean time per level.
                   A        B        C        D        E       F      G
               +--------+--------+--------+--------+--------+-----+--------+
         Total |   2071 |   2054 |     17 |     35 |   1801 |   2 | 1035.5 |
       Dungeon |   2071 |   2054 |     17 |     35 |   1801 |   2 | 1035.5 |
               +--------+--------+--------+--------+--------+-----+--------+

Top non-repeatable levels by time:
     D:1: 1067 daAuts
     D:2: 1004 daAuts
